[Event "ICC tourney 2791 (30 10)"]
[Site "Internet Chess Club"]
[Date "2022.01.08"]
[Round "1"]
[White "SHI, WARREN:warren200"]
[Black "BRUDNO, STEPHEN:StevChess01"]
[Result "0-1"]
[ICCResult "White resigns"]
[WhiteElo "822"]
[BlackElo "1440"]
[Opening "Sicilian defense"]
[ECO "B20"]
[NIC "SI.48"]
[Time "13:01:21"]
[PlyCount "66"]
[TimeControl "1800+10"]

1. e4 c5 2. Bc4 Nc6 3. Nf3 e6 4. O-O a6 5. d3 d6 6. d4 cxd4 7. Nxd4 Nf6 8.
Nc3 Be7 9. Nf3 O-O 10. Bf4 b5 11. Bb3 b4 12. Ne2 Nxe4 13. Qd3 d5 14. Ba4 Nc5
15. Qe3 Nxa4 16. c3 Nxb2 17. Ne5 Nxe5 18. Bxe5 Nc4 19. Qg3 Nxe5 20. Qxe5 Bf6
21. Qf4 bxc3 22. Nxc3 Bxc3 23. Rac1 Bf6 24. Qf3 Bd7 25. Qg3 Bb5 26. Rfe1 Rc8
27. Rb1 Qa5 28. Re3 Rc3 29. Rxc3 Qxc3 30. Qg4 Rc8 31. Qf4 h6 32. h3 Qc2 33.
Re1 Qxa2 {White resigns} 0-1

[Event "ICC tourney 2791 (30 10)"]
[Site "Internet Chess Club"]
[Date "2022.01.08"]
[Round "1"]
[White "LIU, ZACHARY HANKUN:K03-17349625"]
[Black "ZAYAS, PETER:Chessplayertwo"]
[Result "1-0"]
[ICCResult "Black checkmated"]
[WhiteElo "1610"]
[BlackElo "1336"]
[Opening "Sicilian: accelerated fianchetto, modern variation"]
[ECO "B34"]
[NIC "SI.33"]
[Time "13:01:19"]
[PlyCount "87"]
[TimeControl "1800+10"]

1. e4 c5 2. Nf3 Nc6 3. d4 cxd4 4. Nxd4 g6 5. Nc3 Bg7 6. Be3 a6 7. Bc4 e6 8.
O-O Nge7 9. Nxc6 bxc6 10. Bd4 e5 11. Bc5 O-O 12. Na4 Rb8 13. Qd6 Qa5 14.
Qxb8 Qxa4 15. b3 Qa5 16. Bxe7 Re8 17. Qb4 Qc7 18. Bd6 Qa7 19. Qc5 Qb7 20. a4
Bf6 21. a5 Kg7 22. Qb6 Qa8 23. Qb8 Bb7 24. Qxa8 Rxa8 25. f4 exf4 26. e5 Bg5
27. h4 Bh6 28. g3 g5 29. hxg5 Bxg5 30. gxf4 Bd8 31. f5 f6 32. e6 dxe6 33.
fxe6 Bc8 34. e7 Bxe7 35. Bxe7 f5 36. Rf2 Ra7 37. Rg2+ Kh6 38. Bf8+ Kh5 39.
Be2+ Kh4 40. Ra4+ f4 41. Rxf4+ Kh3 42. Bg4+ Bxg4 43. Rfxg4 Rd7 44. R2g3#
{Black checkmated}
1-0

[Event "ICC tourney 2791 (30 10)"]
[Site "Internet Chess Club"]
[Date "2022.01.08"]
[Round "1"]
[White "CHENG, ADRIEN WEIHENG:hi321"]
[Black "ZHAO, DANSON:K01-30127679"]
[Result "1-0"]
[ICCResult "Black checkmated"]
[WhiteElo "1519"]
[BlackElo "1110"]
[Opening "Giuoco Pianissimo: Italian four knights variation"]
[ECO "C50"]
[NIC "IG.02"]
[Time "13:01:42"]
[PlyCount "141"]
[TimeControl "1800+10"]

1. e4 e5 2. Nf3 Nc6 3. Bc4 Bc5 4. Nc3 Nf6 5. d3 h6 6. h3 d6 7. a3 O-O 8. g4
Nd4 9. g5 Nxf3+ 10. Qxf3 hxg5 11. Bxg5 Be6 12. Rg1 Kh8 13. Qg3 Bxc4 14. dxc4
g6 15. O-O-O Kg7 16. Qf3 c6 17. h4 Rh8 18. h5 Rxh5 19. Bxf6+ Qxf6 20. Qxh5
Rh8 21. Qe2 Rh3 22. Rd3 Qf4+ 23. Kb1 Rh2 24. Rf3 Qh4 25. Rf1 Bd4 26. Na4 a6
27. c3 Ba7 28. c5 dxc5 29. Qc4 Qe7 30. Rd1 b5 31. Qd3 bxa4 32. Qd7 Qxd7 33.
Rxd7 Rh1+ 34. Ka2 Bb6 35. Rfxf7+ Kh6 36. Rh7+ Kg5 37. Rxh1 c4 38. Rd6 Bxf2
39. Rxc6 Kf4 40. Rxg6 Kxe4 41. Rxa6 Kd3 42. Rxa4 e4 43. Ra6 e3 44. Rd6+ Kc2
45. Rd4 e2 46. Rxc4 e1=Q 47. Rxe1 Bxe1 48. a4 Bg3 49. a5 Bb8 50. a6 Ba7 51.
Rc7 Bb6 52. Rb7 Bc5 53. a7 Bxa7 54. Rxa7 Kd3 55. c4 Kxc4 56. Ka3 Kb5 57. Rc7
Ka5 58. b4+ Kb5 59. Rc5+ Kb6 60. Ka4 Ka6 61. Rc1 Kb6 62. Kb3 Kb5 63. Kc3 Kb6
64. Kc4 Kc6 65. b5+ Kb6 66. Kb4 Kb7 67. Kc5 Kc7 68. b6+ Kb7 69. Rf1 Kb8 70.
Kc6 Kc8 71. Rf8# {Black checkmated} 1-0

[Event "ICC tourney 2791 (30 10)"]
[Site "Internet Chess Club"]
[Date "2022.01.08"]
[Round "1"]
[White "GOVINDARAJULA, PRANAY SIDDHARTH:K06-17345554"]
[Black "CAO, DANIEL:danielcao"]
[Result "1-0"]
[ICCResult "Black resigns"]
[WhiteElo "1543"]
[BlackElo "1210"]
[Opening "Sicilian defense"]
[ECO "B30"]
[NIC "SI.31"]
[Time "13:01:16"]
[PlyCount "103"]
[TimeControl "1800+10"]

1. e4 c5 2. Nf3 Nc6 3. c3 Nf6 4. e5 Nd5 5. d4 cxd4 6. cxd4 e6 7. Nc3 Bb4 8.
Bd2 Nce7 9. Bd3 O-O 10. O-O Bxc3 11. bxc3 Nf5 12. Bxf5 exf5 13. c4 Ne7 14.
Bb4 a5 15. Bd6 Nc6 16. Bxf8 Qxf8 17. d5 Nb4 18. a3 Na6 19. Nd4 d6 20. e6
fxe6 21. dxe6 g6 22. Re1 Qe7 23. Nb5 Bxe6 24. Qxd6 Qxd6 25. Nxd6 Nc5 26.
Nxb7 Nb3 27. Rab1 Bxc4 28. Nd6 Bd5 29. Re5 Nd2 30. Rd1 Nf3+ 31. gxf3 Bxf3
32. Rde1 Kg7 33. Re7+ Kh6 34. Nf7+ Kh5 35. Ne5 Be4 36. Rxh7+ Kg5 37. f3 Re8
38. h4+ Kf4 39. Nxg6+ Kxf3 40. Rf1+ Kg3 41. Rg7 Rb8 42. Nf4+ Kxh4 43. Ng2+
Kh3 44. Nf4+ Kh4 45. Rh7+ Kg3 46. Ne2+ Kg4 47. Rf4+ Kg5 48. Rg7+ Kf6 49. Ra7
Rg8+ 50. Kf2 Rg2+ 51. Ke3 Kg5 52. Rg7+ {Black resigns} 1-0

[Event "ICC tourney 2791 (30 10)"]
[Site "Internet Chess Club"]
[Date "2022.01.08"]
[Round "1"]
[White "Manley, Nicholas:NickManley1987"]
[Black "AMMASANI, SMAYAN:Chessamma"]
[Result "0-1"]
[ICCResult "White resigns"]
[WhiteElo "1270"]
[BlackElo "1546"]
[Opening "Sicilian: Smith-Morra gambit"]
[ECO "B21"]
[NIC "SI.48"]
[Time "13:01:17"]
[PlyCount "35"]
[TimeControl "1800+10"]

1. e4 c5 2. d4 cxd4 3. c3 dxc3 4. Nxc3 d6 5. Nf3 Nc6 6. Bc4 Nf6 7. Bf4 Bg4
8. h3 Bh5 9. O-O e6 10. Rc1 Be7 11. Qe2 Nd4 12. Qe3 Nxf3+ 13. gxf3 e5 14.
Bg5 O-O 15. Kh2 Ng4+ 16. hxg4 Bxg5 17. Qe2 Bxc1 18. Rxc1 {White resigns} 0-1

[Event "ICC tourney 2791 (30 10)"]
[Site "Internet Chess Club"]
[Date "2022.01.08"]
[Round "1"]
[White "HOSUR, SANMITA:phosur"]
[Black "QIAN, BOBBY:math54321"]
[Result "0-1"]
[ICCResult "White forfeits on time"]
[WhiteElo "1306"]
[BlackElo "1610"]
[Opening "QGD Slav: 5.e3 (Alekhine variation)"]
[ECO "D15"]
[NIC "SL.03"]
[Time "13:01:17"]
[PlyCount "44"]
[TimeControl "1800+10"]

1. d4 d5 2. c4 c6 3. Nc3 Nf6 4. Nf3 dxc4 5. e3 b5 6. a4 b4 7. Na2 a5 8. Bxc4
Bf5 9. b3 e6 10. Bb2 Nbd7 11. O-O Bd6 12. h3 O-O 13. Nc1 c5 14. Ne2 Be4 15.
Ng3 Bxg3 16. fxg3 Rc8 17. Rc1 Qc7 18. Qe1 Qb7 19. Qe2 Qc7 20. Ba6 Ra8 21.
Bb5 Qxg3 22. dxc5 Rfc8 {White forfeits on time} 0-1

[Event "ICC tourney 2791 (30 10)"]
[Site "Internet Chess Club"]
[Date "2022.01.08"]
[Round "1"]
[White "Doan Giang, Nguyen Doan:Doctorstrange04"]
[Black "AYYAPPAN, ANUSHKA:Anushkaa"]
[Result "1-0"]
[ICCResult "Black checkmated"]
[WhiteElo "1575"]
[BlackElo "1303"]
[Opening "Nimzovich-Larsen attack: modern variation"]
[ECO "A01"]
[NIC "VO.08"]
[Time "13:01:18"]
[PlyCount "87"]
[TimeControl "1800+10"]

1. b3 e5 2. Bb2 Nc6 3. c4 Nf6 4. e3 Be7 5. Nc3 O-O 6. Be2 d6 7. Nf3 b6 8.
O-O Bb7 9. d4 exd4 10. exd4 d5 11. Ne5 dxc4 12. Nxc6 Bxc6 13. bxc4 Bb7 14.
Bd3 Kh8 15. Re1 Qd7 16. Qc2 Bd6 17. d5 c6 18. Ne4 Nxe4 19. Bxe4 cxd5 20.
cxd5 Rac8 21. Qd2 a5 22. Qh6 f5 23. Bf3 Kg8 24. Qg5 Rce8 25. h4 Bb4 26. Re6
Bc5 27. Rae1 h6 28. Qg6 Qf7 29. Qxf7+ Kxf7 30. Bh5+ g6 31. Bxg6+ Kg8 32.
Bxe8 Bxd5 33. Rg6+ Kh7 34. Rg7+ Kh8 35. Rd7+ Kg8 36. Rxd5 f4 37. Rd7 f3 38.
Rg7+ Kh8 39. gxf3 a4 40. Re6 Be3 41. fxe3 Rf6 42. Bxf6 h5 43. Bxh5 a3 44.
Re8# {Black checkmated} 1-0

[Event "ICC tourney 2791 (30 10)"]
[Site "Internet Chess Club"]
[Date "2022.01.08"]
[Round "1"]
[White "AHN, WILLIAM TK:kitook"]
[Black "PONNA, NIMAI:fromdaus214"]
[Result "0-1"]
[ICCResult "White checkmated"]
[WhiteElo "896"]
[BlackElo "1464"]
[Opening "Giuoco Piano: Greco's attack"]
[ECO "C54"]
[NIC "IG.02"]
[Time "13:01:23"]
[PlyCount "56"]
[TimeControl "1800+10"]

1. e4 e5 2. Nf3 Nc6 3. Bc4 Bc5 4. c3 Nf6 5. d4 exd4 6. cxd4 Bb4+ 7. Nc3 d5
8. exd5 Nxd5 9. Bxd5 Bxc3+ 10. bxc3 Qxd5 11. O-O O-O 12. Re1 Bg4 13. Re3
Rfe8 14. Qe1 Rxe3 15. Qxe3 Bxf3 16. gxf3 h6 17. Bd2 Rd8 18. Re1 Qxa2 19. Qf4
Rd6 20. Kh1 Rf6 21. Re8+ Kh7 22. Qe3 Qb1+ 23. Kg2 Rg6+ 24. Kh3 Qf5+ 25. Kh4
Rg2 26. Qf4 g5+ 27. Qxg5 hxg5+ 28. Kh5 Qg6# {White checkmated} 0-1

[Event "ICC tourney 2791 (30 10)"]
[Site "Internet Chess Club"]
[Date "2022.01.08"]
[Round "1"]
[White "LAIDO, MATTHEW:Dabao"]
[Black "Liao, Connor:che2468"]
[Result "0-1"]
[ICCResult "White resigns"]
[WhiteElo "1062"]
[BlackElo "1511"]
[Opening "Sicilian: Alapin's variation (2.c3)"]
[ECO "B22"]
[NIC "SI.46"]
[Time "13:01:17"]
[PlyCount "60"]
[TimeControl "1800+10"]

1. e4 c5 2. c3 d5 3. exd5 Qxd5 4. d4 Nf6 5. Nf3 Bg4 6. Be2 e6 7. h3 Bh5 8.
g4 Bg6 9. Na3 cxd4 10. cxd4 Bxa3 11. bxa3 Qa5+ 12. Qd2 Qxd2+ 13. Bxd2 O-O
14. Bf1 Nc6 15. Bg2 Be4 16. O-O Rad8 17. Bc3 Bxf3 18. Bxf3 Nxd4 19. Bxb7
Ne2+ 20. Kg2 Nxc3 21. Rfc1 Nce4 22. Rcb1 Rd2 23. Rf1 Rb2 24. Ba6 Nc3 25. Bc4
Nce4 26. Bb3 Nd2 27. Rfd1 Nxb3 28. axb3 Rxb3 29. f3 Nd5 30. Kg3 Rc8
{White resigns}
0-1

[Event "ICC tourney 2791 (30 10)"]
[Site "Internet Chess Club"]
[Date "2022.01.08"]
[Round "1"]
[White "Mason, Mike W:MikeWMason"]
[Black "RAMKUMAR, NIKHIL:nikhilramkumar"]
[Result "1-0"]
[ICCResult "Black resigns"]
[WhiteElo "1550"]
[BlackElo "1271"]
[Opening "Scotch gambit: Anderssen (Paulsen, Suhle) counter-attack"]
[ECO "C50"]
[NIC "IG.02"]
[Time "13:01:41"]
[PlyCount "47"]
[TimeControl "1800+10"]

1. e4 e5 2. Nf3 Nc6 3. Bc4 Bc5 4. d4 exd4 5. O-O d6 6. c3 Bg4 7. Re1 Qf6 8.
h3 Bh5 9. g4 Bg6 10. Bg5 dxc3 11. Bxf6 Nxf6 12. Nxc3 O-O-O 13. a3 Ne5 14.
Nxe5 dxe5 15. Qa4 Rd4 16. Qb3 Rd2 17. Re2 Rhd8 18. Rae1 Nxe4 19. Nxe4 Bxe4
20. Rxd2 Rxd2 21. Rxe4 Bxf2+ 22. Kh1 Bg3 23. Qxg3 Re2 24. Rxe2 {Black
resigns} 1-0

[Event "ICC tourney 2791 (30 10)"]
[Site "Internet Chess Club"]
[Date "2022.01.08"]
[Round "1"]
[White "BAI, JEFFREY:Jeffchess"]
[Black "JIMENEZ, LUIS A:eltuna"]
[Result "1-0"]
[ICCResult "Black checkmated"]
[WhiteElo "1174"]
[BlackElo "1519"]
[Opening "Caro-Kann: advance variation"]
[ECO "B12"]
[NIC "CK.04"]
[Time "13:01:19"]
[PlyCount "121"]
[TimeControl "1800+10"]

1. e4 c6 2. d4 d5 3. e5 Bf5 4. h3 e6 5. Nc3 c5 6. Be3 Qb6 7. Na4 Qa5+ 8. c3
c4 9. Bd2 b5 10. b4 Qc7 11. Nb2 f6 12. f4 Nd7 13. a4 Qb7 14. axb5 Qxb5 15.
Qa4 Qxa4 16. Rxa4 g5 17. Kf2 gxf4 18. Bxf4 fxe5 19. dxe5 Bg7 20. Nf3 Ne7 21.
Be2 Ng6 22. g3 Ngxe5 23. Nd4 Be4 24. Re1 Nb6 25. Ra6 Ng6 26. Nxe6 Kf7 27.
Nxg7 Nxf4 28. gxf4 Kxg7 29. Bxc4 Nxc4 30. Nxc4 Bd3 31. Rg1+ Kf8 32. Nb6 Bxa6
33. Nxa8 Bb7 34. Nc7 Ke7 35. Rg7+ Kd6 36. Ne8+ Kc6 37. b5+ Kb6 38. Nf6 h5
39. Ke3 Rh6 40. Rf7 Bc8 41. Nxd5+ Kxb5 42. Nc7+ Kc4 43. f5 Kxc3 44. Nb5+ Kc4
45. Nxa7 Ba6 46. Kf4 Kd5 47. Kg5 Rh8 48. f6 Bf1 49. h4 Be2 50. Rg7 Rf8 51.
f7 Ke6 52. Nc6 Bc4 53. Kxh5 Kd6 54. Rg6+ Be6 55. Nd4 Rxf7 56. Nxe6 Ke7 57.
Ng5 Rf1 58. Re6+ Kf8 59. Kg6 Rh1 60. Nh7+ Kg8 61. Re8# {Black checkmated}
1-0

[Event "ICC tourney 2791 (30 10)"]
[Site "Internet Chess Club"]
[Date "2022.01.08"]
[Round "1"]
[White "LIU, AARON Y.:werwer119"]
[Black "MARHOLTZ, JEREME:JerryMarhz"]
[Result "1-0"]
[ICCResult "Black checkmated"]
[WhiteElo "1342"]
[BlackElo "1651"]
[Opening "Sicilian: closed"]
[ECO "B23"]
[NIC "SI.44"]
[Time "13:09:56"]
[PlyCount "85"]
[TimeControl "1800+10"]

1. e4 c5 2. Nc3 d6 3. f4 e6 4. Nf3 Be7 5. Bb5+ Bd7 6. Bxd7+ Nxd7 7. O-O Qb6
8. Kh1 Ngf6 9. d3 c4 10. dxc4 Ng4 11. Qe2 Qc5 12. h3 h5 13. Nh2 Nh6 14. Bd2
O-O-O 15. Rab1 f5 16. Be3 Qa5 17. b4 Qa6 18. Nb5 fxe4 19. Nxa7+ Kb8 20. c3
Bh4 21. Nb5 Nf5 22. Bf2 g5 23. fxg5 e3 24. Bxh4 Nxh4 25. Qxe3 Qb6 26. Qxb6
Nxb6 27. Nf3 Nf5 28. Rfe1 e5 29. Rbd1 d5 30. cxd5 Nxd5 31. a3 Ng3+ 32. Kh2
h4 33. c4 Nf4 34. Rxd8+ Rxd8 35. Nxh4 Nge2 36. g3 Rd2 37. gxf4 Nxf4+ 38. Kh1
Nxh3 39. g6 Nf2+ 40. Kg2 Nd3+ 41. Kf1 Rh2 42. g7 Rxh4 43. g8=Q#
{Black checkmated}
1-0

[Event "ICC tourney 2791 (30 10)"]
[Site "Internet Chess Club"]
[Date "2022.01.08"]
[Round "1"]
[White "BOGIN, THEODORE:tbogin1"]
[Black "MOK, ERWIN:bricksweat"]
[Result "1-0"]
[ICCResult "Black resigns"]
[WhiteElo "1492"]
[BlackElo "961"]
[Opening "French: advance, Wade variation"]
[ECO "C02"]
[NIC "FR.03"]
[Time "13:01:18"]
[PlyCount "115"]
[TimeControl "1800+10"]

1. e4 e6 2. d4 d5 3. e5 c5 4. c3 Qb6 5. Nf3 Bd7 6. Bd3 Bb5 7. O-O Bxd3 8.
Qxd3 Nc6 9. dxc5 Bxc5 10. b4 Bf8 11. a4 Qc7 12. Bf4 a6 13. Nbd2 Nge7 14. Nb3
Ng6 15. Bg3 Ncxe5 16. Nxe5 Nxe5 17. Qe2 Bd6 18. Rad1 O-O 19. Nd4 Rfe8 20.
Rfe1 Nc4 21. Bxd6 Nxd6 22. Rd3 Ne4 23. Rh3 Nf6 24. g4 Qf4 25. Rg3 Ne4 26.
Rf3 Qd2 27. Qxd2 Nxd2 28. Rfe3 Nc4 29. Rh3 Nd6 30. Re5 g6 31. g5 Rac8 32.
Nc2 Rc4 33. Na3 Rc7 34. b5 axb5 35. axb5 Ra8 36. Nc2 Nxb5 37. Ne3 Rxc3 38.
Rh6 Ra1+ 39. Kg2 Nd6 40. Ng4 Ne4 41. Rxe4 dxe4 42. Nf6+ Kf8 43. Rxh7 e3 44.
Rh8+ Ke7 45. Re8+ Kd6 46. Rd8+ Ke5 47. fxe3 Ra2+ 48. Kf3 Ra1 49. h4 Rf1+ 50.
Ke2 Rh1 51. Ng4+ Ke4 52. Nf2+ Kf5 53. Nxh1 Rc2+ 54. Kd3 Rc1 55. Nf2 Rf1 56.
Rd7 Ke5 57. Ng4+ Kf5 58. Rxf7+ {Black resigns} 1-0

[Event "ICC tourney 2791 (30 10)"]
[Site "Internet Chess Club"]
[Date "2022.01.08"]
[Round "1"]
[White "PULLABHOTLA, ABHINAV:Abhinac123"]
[Black "DUDIPALA, DAKSH:swathivjdp"]
[Result "0-1"]
[ICCResult "White checkmated"]
[WhiteElo "1585"]
[BlackElo "1406"]
[Opening "King's Indian defense, 3.Nc3"]
[ECO "E61"]
[NIC "KI.76"]
[Time "13:01:21"]
[PlyCount "156"]
[TimeControl "1800+10"]

1. d4 Nf6 2. c4 g6 3. Nc3 Bg7 4. Nf3 d6 5. Bf4 Nc6 6. h3 O-O 7. e3 a6 8. Be2
b6 9. O-O Bb7 10. a3 Qd7 11. b4 Rfe8 12. Rc1 e5 13. Bh2 exd4 14. Nxd4 Nxd4
15. Qxd4 Ne4 16. Qd3 Nxc3 17. Rxc3 Bxc3 18. Qxc3 Qe6 19. Bg4 Qe7 20. Bf4 f5
21. Be2 Qg7 22. Qb3 Qf7 23. Bh6 Rad8 24. Rd1 Bc6 25. Qc3 Rd7 26. c5 dxc5 27.
Rxd7 Bxd7 28. bxc5 b5 29. Bd1 Be6 30. h4 Bc4 31. h5 Re6 32. Qd4 Qe7 33. Bc2
g5 34. Bg7 Qxg7 35. Qd8+ Qf8 36. Qxg5+ Kh8 37. Bxf5 Re5 38. e4 Rxc5 39. Qf4
Be6 40. Qe3 Bxf5 41. Qd4+ Kg8 42. exf5 Rc1+ 43. Kh2 Qd6+ 44. Qxd6 cxd6 45.
Kg3 Rc3+ 46. Kf4 Rxa3 47. Ke4 Kf7 48. Kd5 Rc3 49. Kxd6 b4 50. Kd5 b3 51. Kd4
Rc8 52. Kd3 b2 53. Kd4 b1=Q 54. Ke5 Rc5+ 55. Kf4 Qxf5+ 56. Kg3 Qxh5 57. f3
Rg5+ 58. Kf2 Rxg2+ 59. Kxg2 Qxf3+ 60. Kxf3 a5 61. Ke4 a4 62. Kd4 h5 63. Kc3
h4 64. Kb4 h3 65. Kxa4 h2 66. Kb4 h1=Q 67. Kc4 Qc6+ 68. Kd4 Ke6 69. Kd3 Qc5
70. Kd2 Qc4 71. Ke3 Qd5 72. Kf4 Qe5+ 73. Kg4 Kf6 74. Kh4 Qg5+ 75. Kh3 Kf5
76. Kh2 Kf4 77. Kh1 Kf3 78. Kh2 Qg2# {White checkmated} 0-1

[Event "ICC tourney 2791 (30 10)"]
[Site "Internet Chess Club"]
[Date "2022.01.08"]
[Round "1"]
[White "SUDHAKAR, SNEGAPRANEETH :Ninthexpert"]
[Black "PANDHARE, PARTH:ParthP2003"]
[Result "0-1"]
[ICCResult "White forfeits on time"]
[WhiteElo "1293"]
[BlackElo "1571"]
[Opening "QGD: Cambridge Springs defense"]
[ECO "D52"]
[NIC "QO.15"]
[Time "13:01:18"]
[PlyCount "66"]
[TimeControl "1800+10"]

1. d4 d5 2. c4 e6 3. Nc3 Nf6 4. Bg5 Nbd7 5. e3 c6 6. Nf3 Qa5 7. a3 Ne4 8.
Rc1 Nxc3 9. Rxc3 Bxa3 10. Nd2 Bb4 11. Rc2 dxc4 12. Bf4 Nf6 13. Ke2 Bxd2 14.
Rxd2 O-O 15. Qc2 b5 16. h4 Rd8 17. h5 b4 18. h6 c3 19. Be5 cxd2 20. hxg7
d1=Q+ 21. Kxd1 Qxe5 22. Qxc6 Qd5 23. Qa4 a5 24. Qc2 Bb7 25. f3 Rac8 26. Qb1
Qb3+ 27. Kd2 Kxg7 28. Bd3 Rh8 29. e4 h5 30. Rh3 h4 31. e5 Nd5 32. Be4 Qe3+
33. Kd1 Ba6 {White forfeits on time} 0-1

[Event "ICC tourney 2791 (30 10)"]
[Site "Internet Chess Club"]
[Date "2022.01.08"]
[Round "1"]
[White "Sreekumar, Gauri:gsgirl"]
[Black "PRABHU, VARUN:varunprabhu"]
[Result "1-0"]
[ICCResult "Black checkmated"]
[WhiteElo "1448"]
[BlackElo "864"]
[Opening "Catalan: closed, 5.Nf3"]
[ECO "E06"]
[NIC "CA.04"]
[Time "13:01:22"]
[PlyCount "131"]
[TimeControl "1800+10"]

1. d4 d5 2. c4 e6 3. Nf3 Nf6 4. g3 Be7 5. Bg2 O-O 6. O-O Nc6 7. Nc3 Bd7 8.
Bf4 Re8 9. Qc2 h6 10. e4 Nb4 11. Qe2 dxe4 12. Nxe4 Nxe4 13. Qxe4 Bc6 14. Qe2
Bxf3 15. Bxf3 Rb8 16. Rfd1 Bd6 17. Bxd6 Qxd6 18. c5 Qa6 19. a3 Qxe2 20. Bxe2
Nc6 21. Bb5 a6 22. Bxc6 bxc6 23. b4 e5 24. dxe5 Rxe5 25. Rd7 Rc8 26. Rad1
Ree8 27. R1d3 Re1+ 28. Kg2 Ree8 29. h3 f6 30. R3d4 Rf8 31. Re4 Rfd8 32. Ree7
Rxd7 33. Rxd7 Kf8 34. Kf3 g5 35. Kg4 Ke8 36. Rh7 Rd8 37. Rxc7 Rd4+ 38. Kh5
Rd3 39. Rxc6 Rxa3 40. Rxf6 Rb3 41. Rxa6 Rxb4 42. Kxh6 Rb2 43. Rf6 Rb5 44.
Kxg5 Rxc5+ 45. Rf5 Rc7 46. h4 Rg7+ 47. Kf4 Rg8 48. h5 Rf8 49. Rxf8+ Kxf8 50.
Kg5 Kg8 51. Kf6 Kh7 52. f4 Kh6 53. f5 Kxh5 54. Ke7 Kh6 55. f6 Kg5 56. f7 Kg4
57. f8=Q Kxg3 58. Qf5 Kh4 59. Qg6 Kh3 60. Qg5 Kh2 61. Qg4 Kh1 62. Kf6 Kh2
63. Kf5 Kh1 64. Kf4 Kh2 65. Kf3 Kh1 66. Qg2# {Black checkmated} 1-0

[Event "ICC tourney 2791 (30 10)"]
[Site "Internet Chess Club"]
[Date "2022.01.08"]
[Round "2"]
[White "PANDHARE, PARTH:ParthP2003"]
[Black "Karthi, Jashith:jazzk"]
[Result "0-1"]
[ICCResult "White resigns"]
[WhiteElo "1571"]
[BlackElo "1392"]
[Opening "Giuoco Piano"]
[ECO "C54"]
[NIC "IG.02"]
[Time "15:00:41"]
[PlyCount "48"]
[TimeControl "1800+10"]

1. e4 e5 2. Nf3 Nc6 3. Bc4 Bc5 4. c3 Nf6 5. d3 d6 6. O-O O-O 7. b4 Bb6 8. a4
a5 9. b5 Ne7 10. Nbd2 Bg4 11. Qb3 c6 12. bxc6 bxc6 13. Ba3 Rb8 14. Qc2 Ng6
15. h3 Be6 16. Bxe6 fxe6 17. Rab1 Re8 18. Nc4 Bc7 19. Rxb8 Bxb8 20. Rb1 d5
21. Ne3 d4 22. Nc4 dxc3 23. Qxc3 Nf4 24. Nfxe5 Ne2+ {White resigns} 0-1

[Event "ICC tourney 2791 (30 10)"]
[Site "Internet Chess Club"]
[Date "2022.01.08"]
[Round "2"]
[White "CAO, DANIEL:danielcao"]
[Black "Jones, Richard S:weakfish"]
[Result "0-1"]
[ICCResult "White resigns"]
[WhiteElo "1210"]
[BlackElo "1422"]
[Opening "Caro-Kann: classical, 6.h4"]
[ECO "B18"]
[NIC "CK.11"]
[Time "15:00:43"]
[PlyCount "54"]
[TimeControl "1800+10"]

1. e4 c6 2. d4 d5 3. Nc3 dxe4 4. Nxe4 Bf5 5. Ng3 Bg6 6. h4 h6 7. h5 Bh7 8.
Nf3 Nd7 9. Bf4 Ngf6 10. Bc4 e6 11. Qd2 Be7 12. O-O-O O-O 13. Rdg1 Nd5 14.
Bxh6 gxh6 15. Qxh6 Bf6 16. Ne2 Bg7 17. Qd2 b5 18. Bd3 Qf6 19. g4 Qxf3 20. g5
Bxd3 21. cxd3 Qf5 22. g6 fxg6 23. Rxg6 Rf6 24. Rxf6 Qxf6 25. h6 Bh8 26. Rg1+
Kf7 27. Ng3 Qf4 {White resigns} 0-1

[Event "ICC tourney 2791 (30 10)"]
[Site "Internet Chess Club"]
[Date "2022.01.08"]
[Round "2"]
[White "BRUDNO, STEPHEN:StevChess01"]
[Black "Doan Giang, Nguyen Doan:Doctorstrange04"]
[Result "0-1"]
[ICCResult "White checkmated"]
[WhiteElo "1440"]
[BlackElo "1575"]
[Opening "Benkö gambit half accepted"]
[ECO "A57"]
[NIC "BI.45"]
[Time "15:00:42"]
[PlyCount "88"]
[TimeControl "1800+10"]

1. d4 Nf6 2. c4 c5 3. d5 b5 4. cxb5 a6 5. f3 axb5 6. e4 d6 7. Bxb5+ Nbd7 8.
Ne2 g6 9. Nec3 Bg7 10. O-O O-O 11. a4 Ba6 12. Na3 Ne8 13. Bd2 Nc7 14. Bxa6
Nxa6 15. Nab5 Nb4 16. Bg5 Ne5 17. Qe2 h6 18. Be3 Qd7 19. h3 f5 20. f4 Ned3
21. exf5 Rxf5 22. Rad1 c4 23. g4 Rf7 24. Na3 Qc8 25. Nc2 Bxc3 26. bxc3 Nxd5
27. Ra1 N5xf4 28. Bxf4 Nxf4 29. Qf3 Qc5+ 30. Kh2 Raf8 31. Qe3 Qc6 32. Qf3 d5
33. Nd4 Qd6 34. Qg3 e5 35. Nb5 Qc5 36. Qg1 Qc6 37. Rfe1 Nd3 38. Re2 d4 39.
cxd4 Rf2+ 40. Rxf2 Rxf2+ 41. Kg3 Qf3+ 42. Kh4 Kg7 43. Qh1 g5+ 44. Kh5 Nf4#
{White checkmated}
0-1

[Event "ICC tourney 2791 (30 10)"]
[Site "Internet Chess Club"]
[Date "2022.01.08"]
[Round "2"]
[White "ZHAO, DANSON:K01-30127679"]
[Black "HOSUR, SANMITA:phosur"]
[Result "0-1"]
[ICCResult "White checkmated"]
[WhiteElo "1110"]
[BlackElo "1306"]
[Opening "Sicilian: dragon, classical, Richter variation"]
[ECO "B73"]
[NIC "SI.43"]
[Time "15:01:00"]
[PlyCount "120"]
[TimeControl "1800+10"]

1. e4 c5 2. Nf3 g6 3. d4 cxd4 4. Nxd4 Bg7 5. Nc3 Nc6 6. Be3 Nf6 7. Be2 O-O
8. O-O d6 9. Qd2 Bd7 10. h3 a6 11. Nxc6 Bxc6 12. Bf3 Qc7 13. Rab1 b5 14. Nd5
Nxd5 15. exd5 Bb7 16. Bh6 Rac8 17. Bxg7 Kxg7 18. c3 a5 19. Bg4 Ra8 20. Bf3
Bc8 21. Qd3 Kg8 22. Qxb5 Ba6 23. Qc6 Qxc6 24. dxc6 Bxf1 25. Rxf1 Rfc8 26.
Bg4 e6 27. b3 Rxc6 28. Bf3 d5 29. c4 Rd6 30. cxd5 exd5 31. Rd1 Rad8 32. Rd4
Rc8 33. Rxd5 Rxd5 34. Bxd5 Rc1+ 35. Kh2 Rc2 36. f3 Rxa2 37. Bc4 Rc2 38. Bd3
Rc3 39. Bc4 a4 40. bxa4 Rxc4 41. a5 Ra4 42. a6 Rxa6 43. g4 Kg7 44. Kg3 f5
45. h4 fxg4 46. fxg4 h5 47. g5 Ra4 48. Kh3 Kf7 49. Kh2 Rxh4+ 50. Kg3 Ra4 51.
Kf3 Ke6 52. Kg3 Kf5 53. Kh3 Kxg5 54. Kg3 Ra3+ 55. Kg2 Kf4 56. Kf2 Ra2+ 57.
Kf1 Ke3 58. Kg1 Kf3 59. Kh1 Kg3 60. Kg1 Ra1# {White checkmated} 0-1

[Event "ICC tourney 2791 (30 10)"]
[Site "Internet Chess Club"]
[Date "2022.01.08"]
[Round "2"]
[White "PONNA, NIMAI:fromdaus214"]
[Black "LIU, ZACHARY HANKUN:K03-17349625"]
[Result "0-1"]
[ICCResult "White checkmated"]
[WhiteElo "1464"]
[BlackElo "1610"]
[Opening "Sicilian: Pelikan (Lasker/Sveshnikov) variation"]
[ECO "B33"]
[NIC "SI.35"]
[Time "15:00:37"]
[PlyCount "114"]
[TimeControl "1800+10"]

1. e4 c5 2. Nf3 Nc6 3. d4 cxd4 4. Nxd4 Nf6 5. Nc3 e5 6. Nf3 Bb4 7. Bg5 h6 8.
Bh4 Bxc3+ 9. bxc3 Qa5 10. Bxf6 Qxc3+ 11. Nd2 gxf6 12. Bd3 Nb4 13. O-O Nxd3
14. cxd3 Qxd3 15. Re1 d5 16. exd5 Qxd5 17. Qa4+ Bd7 18. Qc2 Bc6 19. Ne4
O-O-O 20. Rad1 Qe6 21. Rxd8+ Rxd8 22. Nc5 Qd5 23. f3 Qd2 24. Qf5+ Kb8 25.
Qb1 Qd4+ 26. Kh1 Qxc5 27. Rc1 Qxc1+ 28. Qxc1 Ba4 29. h3 Rd1+ 30. Qxd1 Bxd1
31. Kg1 b5 32. Kf1 b4 33. Ke1 Bc2 34. Kd2 Bb1 35. a4 bxa3 36. Kc3 a2 37. Kb2
a5 38. Ka1 Kc7 39. g3 Kd6 40. g4 f5 41. gxf5 f6 42. h4 Kd5 43. h5 e4 44.
fxe4+ Kxe4 45. Kb2 Kxf5 46. Ka1 Kg5 47. Kb2 f5 48. Ka1 f4 49. Kb2 f3 50. Ka1
f2 51. Kb2 f1=Q 52. Kb3 a4+ 53. Kb4 Qf4+ 54. Kc5 a1=Q 55. Kd5 Qad4+ 56. Kc6
Qfd6+ 57. Kb5 Q6b6# {White checkmated} 0-1